AoeStats
← 小桦

Arabia

506350791Analyzed
1v1 RM · 20d ago on Sep 13, 2026· 34m 46s· 2 players
Game mode
Random Map
Map size
Tiny (2 player)
Population
200
Speed
Normal
Resources
Standard
Victory
Conquest
Starting age
Dark Age
Ending age
Imperial Age
RankedLock teamsTeams togetherTeam positionsShared explorationLock speedFull tech treeHidden civsTurbo modeCheats
Victory
Defeat
🇸🇬 Khitans · Singapore
1385
+19
🇨🇳 Koreans · China
1448
-19
Call Me Daddy
6:21 Loom
8:43 Feudal Age
9:58 Double-Bit Axe
10:41 Domestication
15:08 Forging
15:37 Scale Barding Armor
20:50 Castle Age
19:18 Gold Mining
21:18 Wheelbarrow
21:43 Bow Saw
20:54 Light Cavalry
21:35 Husbandry
22:15 Iron Casting
22:30 Chain Barding Armor
22:36 Pastoralism
小桦
6:37 Loom
9:03 Feudal Age
15:15 Double-Bit Axe
17:56 Fletching
22:49 Castle Age
20:53 Gold Mining
21:27 Horse Collar
23:30 Scale Mail Armor
23:03 Crossbowman
24:21 Gold Shaft Mining
24:31 Bow Saw
25:55 Bodkin Arrow
27:50 Stone Mining
28:40 Wheelbarrow
27:51 Town Watch
33:08 Stone Shaft Mining
34:30 Pikeman
35:10 Squires
Connection lost

Rejoining the realm…

Still unreachable

The connection could not be restored.

Session expired

The server has moved on; the page needs a fresh start.